 Dungeon Crawl Stone Soup version 0.30-a0-782-ge64f9170bb (webtiles) character file.

Game seed: 3066448904106230236

87 avis the Chiller (level 4, -5/36 HPs)
             Began as a Demigod Ice Elementalist on Feb 18, 2023.
             Blown up by Ijyb (10 damage)
             ... with a mindburst bolt
             ... on level 3 of the Dungeon.
             The game lasted 00:14:43 (2432 turns).

avis the Chiller (Demigod Ice Elementalist)         Turns: 2432, Time: 00:14:44

Health: -5/36      AC:  8    Str:  9    XL:     4   Next: 7%
Magic:  9/10       EV: 12    Int: 17    God:
Gold:   92         SH:  0    Dex: 18    Spells: 1/8 levels left

rFire   . . .      SeeInvis .    a - +0 dagger (speed)
rCold   . . .      Faith    .    (no shield)
rNeg    . . .      Spirit   .    c - +0 robe
rPois   .          Reflect  .    (no helmet)
rElec   .          Harm     .    (no cloak)
rCorr   .          Rampage  .    (no gloves)
Will    .....                    (no boots)
Stlth   ++                       (no amulet)
HPRegen 0.26/turn                (no ring)
MPRegen 0.12/turn                (no ring)

@: ice-armoured, attractive
A: high MP 1, forlorn, divine attributes
a: no special abilities


You were on level 3 of the Dungeon.
You visited 1 branch of the dungeon, and saw 3 of its levels.

You collected 92 gold pieces.

Inventory:

Hand Weapons
 a - a +0 dagger of speed (weapon)
 b - a +0 sling
Missiles
 f - 3 boomerangs
Armour
 c - a +0 robe (worn)
Wands
 n - a wand of flame (20)
Scrolls
 e - a scroll of enchant armour {unknown}
 g - a scroll of enchant weapon {unknown}
 h - 4 scrolls of identify {unknown}
 i - a scroll of vulnerability {unknown}
 l - a scroll of magic mapping {unknown}
 m - 2 scrolls of immolation {unknown}
Potions
 d - a potion of ambrosia
 k - 2 potions of magic


   Skills:
 - Level 2.0 Fighting
 - Level 2.0 Dodging
 - Level 2.0 Stealth
 * Level 2.7 Spellcasting
 - Level 4.0 Ice Magic


You had one spell level left.
You knew the following spells:

 Your Spells              Type           Power      Damage    Failure   Level
a - Freeze                Ice            60%        1d7       3%          1
o - Ozocubu's Armour      Ice            15%        N/A       11%         3
r - Frozen Ramparts       Ice            30%        1d5       11%         3

Your spell library contained the following spells:

 Spells                   Type           Power      Damage    Failure   Level
 Summon Ice Beast         Ice/Summ       9%         N/A       61%         4


Dungeon Overview and Level Annotations

Branches:
Dungeon (3/15)

Annotations:
D:3 Ijyb


Innate Abilities, Weirdness & Mutations

You have an increased reservoir of magic. (+10% MP)
You shall have no god before yourself.
Your divine heritage dramatically boosts your attributes as you level up.


Message History

Ijyb hits you but does no damage. Ijyb closely misses you.
Ijyb closely misses you. Ijyb completely misses you.
Ijyb hits you but does no damage.
You feel less invigorated.
You feel less confused. Ijyb hits you with a +0 dagger.
Casting: Frozen Ramparts (quite dangerous; 11% risk of failure)
Confirm with . or Enter, or press ? or * to list all spells.
Aiming: Freeze (safe; 3% risk of failure)
Press: ? - help, Shift-Dir - straight line, f - Ijyb
Aim: Ijyb, wielding a +0 dagger, wearing a +2 leather armour of cold resistance and carrying a wand of mindburst (17) (heavily wounded)
You freeze Ijyb.
Ijyb resists.
Ijyb is heavily wounded.
Ijyb hits you but does no damage.
You hit Ijyb but do no damage.
Ijyb is heavily wounded.
Ijyb completely misses you.
You barely miss Ijyb.
Ijyb is heavily wounded.
You hit Ijyb.
Ijyb is heavily wounded.
Ijyb hits you but does no damage.
You hit Ijyb. You punch Ijyb, but do no damage.
Ijyb is severely wounded.
Ijyb zaps a wand.
Your mind is blasted!
You hit Ijyb but do no damage.
Ijyb is severely wounded.
You hit Ijyb. Your punch misses Ijyb.
Ijyb is severely wounded.
Ijyb hits you but does no damage.
You hit Ijyb but do no damage.
Ijyb is severely wounded.
Ijyb zaps a wand.
Your mind is blasted!
* * * LOW HITPOINT WARNING * * *
It was a potion of attraction.
You feel attractive to monsters.
Ijyb zaps a wand.
Your mind is blasted!
You die...

#.........# #.........#
#.........# ###'#######
#.#####################
#........<............#
#####################.#
#...$.g$#...#####....#
#@#.#.#.....######
#.#...#.###......#
#.#..##.###.###.##
#.....#...#..##.#
#...#........##.#
.........#.#..>.....#
...#.#..###########.##
... #.#... .........#
.. #.#...# #####.#


You could see Ijyb.

Vanquished Creatures
  3 gnolls (D:2)
  An adder (D:2)
  3 dart slugs
  An endoplasm (D:1)
  3 giant cockroaches
  6 goblins
  3 hobgoblins (D:1)
  2 jackals (D:2)
  4 quokkas
  6 ball pythons
  3 frilled lizards
  3 kobolds
  2 rats (D:2)
40 creatures vanquished.

Notes
Turn   | Place    | Note
-------+----------+-------------------------------------------
     0 | D:1      | avis the Demigod Ice Elementalist began the quest for the
                  | Orb.
     0 | D:1      | Reached XP level 1. HP: 14/14 MP: 5/5
   127 | D:1      | Reached skill level 4 in Ice Magic
   193 | D:1      | Reached XP level 2. HP: 10/20 MP: 1/7
  1088 | D:2      | Reached XP level 3. HP: 18/27 MP: 3/9
  1092 | D:2      | Learned a level 3 spell: Frozen Ramparts
  1096 | D:2      | Learned a level 3 spell: Ozocubu's Armour
  1229 | D:2      | Reached skill level 1 in Fighting
  1786 | D:2      | Reached XP level 4. HP: 36/36 MP: 8/10
  2392 | D:3      | Noticed Ijyb
  2432 | D:3      | Blown up by Ijyb

Illustrated notes

Levels and vault maps discovered:
D:1:      spicycebolla_arrival_transporter_tutorial, layout_loops_ring
D:2:      layout_loops_corners, shapermc_ecumenical_altar_totnotflames,
          serial_forest, infiniplex_forest_end_2, infiniplex_forest_straight_2,
          infiniplex_forest_lined_ring, infiniplex_forest_clump_tiny,
          infiniplex_forest_straight_2
D:3:      layout_basic, nicolae_dithmenos_shadow_blocks, trog_hazing_becter,
          biasface_ghost_orc_armoury, minmay_close_crescents, uniq_ijyb

Skill      XL: |  1  2  3 |
---------------+----------+-----
Ice Magic      | 4 |  4.0
Spellcasting   | 2 |  2.7
Fighting       | 2 |  2.0
Dodging        | 2 |  2.0
Stealth        | 2 |  2.0

Action                     |  1- 3 |  4- 6 || total
---------------------------+-------+-------++-------
  Melee: Dagger            |    17 |    27 ||    44
         Punch             |       |     1 ||     1
   Fire: Sling             |       |    11 ||    11
   Cast: Freeze            |    48 |     3 ||    51
         Frozen Ramparts   |     1 |     3 ||     4
         Ozocubu's Armour  |     1 |     1 ||     2
    Use: Potion            |       |     2 ||     2
   Stab: Sleeping          |     3 |       ||     3
 Armour: Robe              |     3 |     8 ||    11
  Dodge: Dodged            |    22 |    14 ||    36

Table legend: (Time is in decaauts)
 A = Elapsed time spent in this place.
 B = Non-inter-level travel time spent in this place.
 C = Inter-level travel time spent in this place.
 D = Time resting spent in this place.
 E = Time spent auto-exploring this place.
 F = Levels seen in this place.
 G = Mean time per level.
                   A        B        C        D        E       F      G
               +--------+--------+--------+--------+--------+-----+--------+
         Total |   2420 |   2220 |    200 |    428 |   1241 |   3 |  806.7 |
       Dungeon |   2420 |   2220 |    200 |    428 |   1241 |   3 |  806.7 |
               +--------+--------+--------+--------+--------+-----+--------+

Top non-repeatable levels by time:
     D:2: 1189 daAuts
     D:1: 1081 daAuts
     D:3: 149 daAuts
